 Dungeon Crawl Stone Soup version 0.28-a0-1374-ga75cb3825e (webtiles) character file.

Game seed: 601648239034285327

60 pokeman the Magician (level 3, 0/20 HPs)
             Began as a Deep Elf Hedge Wizard on Dec 31, 2021.
             Slain by an adder (3 damage)
             ... on level 2 of the Dungeon.
             The game lasted 00:04:08 (2070 turns).

pokeman the Magician (Deep Elf Hedge Wizard)        Turns: 2070, Time: 00:04:08

Health: 0/20       AC:  2    Str:  7    XL:     3   Next: 82%
Magic:  9/11       EV: 12    Int: 20    God:
Gold:   77         SH:  0    Dex: 14    Spells: 1/12 levels left

rFire   . . .      SeeInvis .   n - +2 whip (venom)
rCold   . . .      Faith    .   (no shield)
rNeg    . . .      Spirit   .   b - +0 robe
rPois   .          Reflect  .   c - +0 hat
rElec   .          Harm     .   (no cloak)
rCorr   .          Rampage  .   (no gloves)
Will    .....                   (no boots)
Stlth   ++........              (no amulet)
HPRegen 0.06/turn               (no ring)
MPRegen 0.12/turn               (no ring)

@: lethally poisoned (0 -> -6), attractive
A: no striking features
a: no special abilities


You were on level 2 of the Dungeon.
You visited 1 branch of the dungeon, and saw 2 of its levels.

You collected 77 gold pieces.

Inventory:

Hand Weapons
 n - a +2 whip of venom (weapon)
Missiles
 m - 14 arrows
Armour
 b - a +0 robe (worn)
 c - a +0 hat (worn)
Jewellery
 l - an amulet of guardian spirit
Scrolls
 d - 2 scrolls of magic mapping {unknown}
 i - a scroll of fog {unknown}
 k - a scroll of vulnerability {unknown}
Potions
 f - 3 potions of curing {unknown}
 g - a potion of haste {unknown}
 h - a potion of heal wounds {unknown}
 j - a potion of berserk rage {unknown}


   Skills:
 - Level 1.0 Fighting
 - Level 1.0 Armour
 + Level 2.4 Dodging
 - Level 2.4 Stealth
 * Level 5.4 Spellcasting
 + Level 2.0 Conjurations
 - Level 1.1 Summonings
 - Level 1.1 Translocations
 + Level 0.1 Fire Magic


You had one spell level left.
You knew the following spells:

 Your Spells              Type           Power      Damage    Failure   Level
a - Magic Dart            Conj           52%        1d5       4%          1
b - Mephitic Cloud        Conj/Pois/Air  8%         N/A       26%         3
c - Call Imp              Summ           9%         N/A       11%         2
d - Blink                 Tloc           18%        N/A       11%         2
e - Conjure Flame         Conj/Fire      9%         6-21      22%         3

Your spell library contained the following spells:

 Spells                   Type           Power      Damage    Failure   Level
 Slow                     Hex            20%        N/A       11%         1


Dungeon Overview and Level Annotations

Branches:
Dungeon (2/15)

Altars:


Message History

Your +2 whip of venom begins to drip with poison!
n - a +2 whip of venom (weapon)
Drop what? 14/52 slots (_ for help) (? for menu, Esc to quit)
You drop a +0 dagger.
Items here: ) †††.
Found a dagger.
An endoplasm and a hobgoblin come into view.
The hobgoblin shouts!
The endoplasm quivers.
The endoplasm hits you.
An adder comes into view.
The adder hisses angrily.
You hit the endoplasm.
The endoplasm is poisoned.
The endoplasm is moderately wounded.
The endoplasm freezes you.
You are frozen.
The adder misses you. The adder completely misses you.
You feel a bit more experienced.
You hit the adder.
The adder is moderately wounded.
The adder bites you.
You are poisoned.
The adder poisons you! The adder bites you.
You are lethally poisoned!
The adder poisons you!
Casting: Magic Dart (safe; 4% risk of failure)
Confirm with . or Enter, or press ? or * to list all spells.
A shadowy apparition takes form in the air.
You feel very sick. The adder bites you.
Unknown command.
* * * LOW HITPOINT WARNING * * *
You feel very sick.
It was a potion of attraction.
You feel attractive to monsters.
* * * LOW HITPOINT WARNING * * *
You feel sick. The adder bites you.
* * * LOW HITPOINT WARNING * * *
The adder bites you.
You die...

...†.#....#####
##.######
##.#......# #g#
#...#.#.#
.#.#......#
##J#..#..#.##
.#.#...#.##
#.#..###..#.#
.#.#...#.#
##..##.##..##
##.#...#.#
#..##...##..#
.#....##.#
#5##..)..##.#
#######
#.S##...##..#
##.@##.##..##
#.#..#.#..#.#
##.#.....#)##
#.#.#...#.#.#
#############


You could see an adder (ally target) and a friendly shadow imp (summoned).

Vanquished Creatures
  An adder (D:2)
  2 dart slugs (D:1)
  2 ball pythons (D:1)
  5 endoplasms
  A giant cockroach (D:1)
  A goblin (D:2)
  6 hobgoblins
  3 jackals (D:2)
  4 quokkas
  4 bats
  7 frilled lizards
  3 kobolds
  5 rats
44 creatures vanquished.

Vanquished Creatures (collateral kills)
  A ball python (D:2)
1 creature vanquished.

Vanquished Creatures (others)
  2 plants (D:1)
2 creatures vanquished.

Grand Total: 47 creatures vanquished

Notes
Turn   | Place    | Note
-------+----------+-------------------------------------------
     0 | D:1      | pokeman the Deep Elf Hedge Wizard began the quest for the
                  | Orb.
     0 | D:1      | Reached XP level 1. HP: 10/10 MP: 7/7
   283 | D:1      | Reached XP level 2. HP: 16/16 MP: 7/9
   861 | D:1      | Reached skill level 5 in Spellcasting
  1285 | D:1      | Reached XP level 3. HP: 16/20 MP: 7/11
  1289 | D:1      | Learned a level 3 spell: Mephitic Cloud
  1292 | D:1      | Learned a level 2 spell: Call Imp
  1295 | D:1      | Learned a level 2 spell: Blink
  1299 | D:1      | Learned a level 3 spell: Conjure Flame
  1856 | D:2      | Reached skill level 1 in Fighting
  1856 | D:2      | Reached skill level 1 in Armour
  2070 | D:2      | Slain by an adder

Illustrated notes

Levels and vault maps discovered:
D:1:      dpeg_arrival_pond, layout_basic, minmay_misc_feat_five,
          grunt_decor_arrowhead, serial_bayou_ford_a, hangedman_decor_growths
D:2:      minmay_diamond_boxcup, layout_basic,
          shapermc_ecumenical_altar_mp_ritualfount

Skill      XL: |  1  2  3 |
---------------+----------+-----
Spellcasting   | 5 |  5.4
Fighting       | 1 |  1.0
Armour         | 1 |  1.0
Conjurations   | 2 |  2.0
Dodging        | |  2.4
Stealth        | |  2.4
Summonings     | |  1.1
Translocations | |  1.1
Fire Magic     | |  0.1

Action                   || total
-------------------------++-------
Melee: Dagger            ||     7
       Whip              ||     2
 Cast: Magic Dart        ||   116
       Call Imp          ||     2
  Use: Potion            ||     1
 Stab: Sleeping          ||     1
Armor: Robe              ||     1
Dodge: Dodged            ||    31

Table legend: (Time is in decaauts)
 A = Elapsed time spent in this place.
 B = Non-inter-level travel time spent in this place.
 C = Inter-level travel time spent in this place.
 D = Time resting spent in this place.
 E = Time spent auto-exploring this place.
 F = Levels seen in this place.
 G = Mean time per level.
                   A        B        C        D        E       F      G
               +--------+--------+--------+--------+--------+-----+--------+
         Total |   2077 |   2062 |     15 |      0 |   1773 |   2 | 1038.5 |
       Dungeon |   2077 |   2062 |     15 |      0 |   1773 |   2 | 1038.5 |
               +--------+--------+--------+--------+--------+-----+--------+

Top non-repeatable levels by time:
     D:1: 1370 daAuts
     D:2: 706 daAuts
